AoeStats
← StealthNoodles

Arena

506006141Analyzed
2v2 RM · 22d ago on Sep 12, 2026· 56m 52s· 4 players
Game mode
Random Map
Map size
Medium (4 player)
Population
200
Speed
Normal
Resources
Standard
Victory
Conquest
Starting age
Dark Age
Ending age
Imperial Age
RankedLock teamsTeams togetherTeam positionsShared explorationLock speedFull tech treeHidden civsTurbo modeCheats
Victory
Defeat
🇺🇸 Byzantines · United States
939
+16
🇺🇸 Berbers · United States
911
+48
🇺🇸 Romans · United States
984
-18
🇺🇸 Magyars · United States
906
-15
ScotiusMaximus
11:40 Feudal Age
15:24 Castle Age
13:45 Double-Bit Axe
14:14 Horse Collar
15:57 Loom
18:33 Husbandry
20:43 Wheelbarrow
20:06 Gold Mining
22:56 Stone Mining
25:40 Bow Saw
27:05 Gold Shaft Mining
27:04 Fletching
27:15 Padded Archer Armor
28:30 Heavy Plow
28:52 Hand Cart
29:26 Bodkin Arrow
29:47 Leather Archer Armor
29:55 Ballistics
29:09 Crossbowman
30:39 Thumb Ring
32:10 Stone Shaft Mining
32:53 Light Cavalry
33:43 Scale Barding Armor
33:49 Forging
36:39 Imperial Age
36:28 Chain Barding Armor
36:55 Hussar
38:11 Plate Barding Armor
38:12 Iron Casting
37:37 Bracer
38:08 Ring Archer Armor
39:44 Chemistry
39:23 Arbalester
42:06 Onager
45:45 Conscription
52:52 Murder Holes
54:35 Two-Man Saw
53:53 Fortified Wall
valdourh
10:54 Feudal Age
12:11 Wheelbarrow
11:24 Double-Bit Axe
11:21 Horse Collar
19:41 Castle Age
18:51 Gold Mining
18:53 Stone Mining
19:24 Loom
19:28 Town Watch
20:10 Loom
21:00 Hand Cart
20:33 Loom
21:00 Bow Saw
21:02 Town Watch
21:34 Heavy Plow
22:23 Gold Shaft Mining
23:05 Fervor
25:55 Stone Shaft Mining
26:04 Forging
28:07 Town Patrol
28:37 Treadmill Crane
29:17 Fletching
29:32 Scale Barding Armor
29:45 Masonry
32:14 Ballistics
34:29 Imperial Age
33:35 Chain Barding Armor
33:41 Bloodlines
33:10 Pikeman
33:51 Squires
35:58 Crop Rotation
36:36 Chemistry
35:13 Heavy Camel Rider
35:54 Husbandry
36:33 Plate Barding Armor
36:28 Murder Holes
36:47 Fortified Wall
36:33 Murder Holes
37:54 Hoardings
37:39 Conscription
38:19 Maghrebi Camels
39:30 Iron Casting
38:51 Bodkin Arrow
38:59 Padded Archer Armor
38:31 Elite Genitour
40:07 Light Cavalry
41:47 Siege Engineers
41:14 Hussar
43:07 Kasbah
46:44 Bracer
50:12 Man-at-Arms
52:13 Caravan
paD
5:23 Loom
12:20 Feudal Age
17:01 Castle Age
18:11 Squires
17:32 Pikeman
21:46 Scale Mail Armor
21:48 Double-Bit Axe
25:54 Horse Collar
26:08 Gold Mining
29:36 Heavy Plow
31:12 Bow Saw
35:39 Imperial Age
35:26 Chain Mail Armor
36:23 Ballistas
36:40 Conscription
37:26 Chemistry
36:48 Ballistics
36:40 Fortified Wall
35:54 Halberdier
36:26 Onager
46:55 Heavy Scorpion
47:45 Man-at-Arms
48:38 Elite Skirmisher
50:35 Gold Shaft Mining
51:27 Capped Ram
52:17 Siege Ram
54:02 Wheelbarrow
53:23 Stone Mining
53:49 Long Swordsman
54:20 Legionary
56:29 Forging
StealthNoodles
10:34 Feudal Age
11:56 Loom
14:54 Castle Age
13:53 Double-Bit Axe
13:51 Horse Collar
15:53 Bow Saw
15:26 Horse Collar
20:27 Town Watch
24:29 Scale Barding Armor
25:49 Wheelbarrow
25:25 Bloodlines
25:16 Husbandry
24:38 Light Cavalry
26:02 Heavy Plow
26:00 Gold Mining
27:43 Chain Barding Armor
28:08 Hand Cart
32:40 Imperial Age
30:11 Stone Mining
31:01 Fletching
31:34 Ballistics
31:23 Padded Archer Armor
32:33 Thumb Ring
32:45 Leather Archer Armor
32:25 Bodkin Arrow
32:59 Masonry
32:50 Heavy Cavalry Archer
33:55 Parthian Tactics
34:41 Ring Archer Armor
34:20 Bracer
36:26 Block Printing
37:51 Chain Barding Armor
37:36 Recurve Bow
39:00 Pikeman
39:41 Scale Mail Armor
48:05 Corvinian Army
48:30 Conscription
47:32 Elite Magyar Huszar
48:27 Hussar
54:29 Two-Man Saw
53:36 Siege Engineers
54:37 Chemistry
55:39 Chain Barding Armor
55:15 Heavy Scorpion
Connection lost

Rejoining the realm…

Still unreachable

The connection could not be restored.

Session expired

The server has moved on; the page needs a fresh start.